[Event "GER-chT Youth Countries 2020"]
[Site "Berlin"]
[Date "2020.10.04"]
[Round "7"]
[White "Rudolph, Eva"]
[Black "Haubold, Sebastian Marcel"]
[Result "1-0"]
[ECO "C44"]
[WhiteElo "1836"]
[BlackElo "1769"]
[Annotator "NA"]
[PlyCount "119"]
[EventDate "2020.09.30"]
[EventType "team-tourn"]
[EventRounds "7"]
[EventCountry "GER"]
[SourceTitle "playchess.com"]
[Source "ChessBase"]
[SourceQuality "1"]
[TimeControl "30/5400+30:0"]

1. e4 e5 2. Nf3 Nc6 3. d4 exd4 4. Nxd4 Qf6 5. Nxc6 Bc5 6. Qd2 bxc6 7. Bd3 Ne7 8. O-O O-O 9. Nc3 Bd4 10. Rb1 d5 11. Ne2 Bb6 12. b3 Qd6 13. Qg5 f5 14. Bb2 Qg6 15. Qxe7 fxe4 16. Ba3 Bb7 17. Bxe4 dxe4 18. Ng3 Rfe8 19. Qh4 e3 20. fxe3 Bxe3+ 21. Kh1 c5 22. Qh3 Rad8 23. Rbd1 Rxd1 24. Rxd1 Qxc2 25. Re1 Qd2 26. Rf1 Ba6 27. Bc1 Qxc1 28. Qd7 Qxf1+ 29. Nxf1 Kf8 30. Qf5+ Kg8 31. Qd5+ Kf8 32. Qf3+ Kg8 33. Nxe3 Bb7 34. Qxb7 Rxe3 35. Qc8+ Kf7 36. Qxc7+ Re7 37. Qf4+ Ke8 38. Kg1 g6 39. Qa4+ Kd8 40. Qb5 Rc7 41. Kf2 Ke7 42. Ke3 Kd6 43. Qa6+ Ke5 44. a4 Kd5 45. Qc4+ Kd6 46. Ke4 Re7+ 47. Kd3 Rd7 48. Kc3 Rc7 49. Qf4+ Kc6 50. a5 Rd7 51. Qa4+ Kd6 52. Kc4 Rb7 53. a6 Re7 54. Qa5 Re4+ 55. Kb5 Rb4+ 56. Qxb4 cxb4 57. Kxb4 Kc6 58. Ka5 Kc5 59. b4+ Kc4 60. h4 1-0

[Event "GER-chT Youth Countries 2020"]
[Site "Berlin"]
[Date "2020.10.04"]
[Round "7"]
[White "Kluehs, Gustaf"]
[Black "Junker, Magnus"]
[Result "0-1"]
[ECO "A08"]
[WhiteElo "1827"]
[BlackElo "2093"]
[Annotator "ChessBase"]
[PlyCount "54"]
[EventDate "2020.09.30"]
[EventType "team-tourn"]
[EventRounds "7"]
[EventCountry "GER"]
[SourceTitle "playchess.com"]
[Source "ChessBase"]
[SourceQuality "1"]
[TimeControl "30/5400+30:0"]

1. Nf3 d5 2. g3 c5 3. Bg2 Nc6 4. d3 e5 5. Nbd2 f5 6. O-O Nf6 7. e4 fxe4 8. dxe4 d4 9. Nh4 Bg4 10. Bf3 Bh3 11. Bg2 Qd7 12. f4 exf4 13. e5 Nd5 14. Qh5+ g6 15. Nxg6 hxg6 16. Qxh8 Bxg2 17. Kxg2 Ne3+ 18. Kg1 Nxf1 19. Nxf1 fxg3 20. Bg5 Qg4 21. Bf6 gxh2+ 22. Kxh2 Ne7 23. Bxe7 Kxe7 24. Qh7+ Ke6 25. Qxb7 Rd8 26. Qc6+ Bd6 27. exd6 Rh8# 0-1

[Event "GER-chT Youth Countries 2020"]
[Site "Berlin"]
[Date "2020.10.04"]
[Round "7"]
[White "Wagner, Margarethe"]
[Black "Schiewe, Nadin"]
[Result "1-0"]
[ECO "B01"]
[WhiteElo "1804"]
[BlackElo "1660"]
[Annotator "NA"]
[PlyCount "99"]
[EventDate "2020.09.30"]
[EventType "team-tourn"]
[EventRounds "7"]
[EventCountry "GER"]
[SourceTitle "playchess.com"]
[Source "ChessBase"]
[SourceQuality "1"]
[TimeControl "30/5400+30:0"]

1. e4 d5 2. exd5 Qxd5 3. Nc3 Qa5 4. d4 c6 5. Bc4 Nf6 6. Nge2 Bf5 7. Bd2 Qc7 8. Bf4 Qb6 9. Bb3 e6 10. a3 Be7 11. Ng3 Bg6 12. O-O O-O 13. Na4 Qd8 14. Nc5 b6 15. Na4 Bd6 16. Qf3 Qc7 17. Bxd6 Qxd6 18. Rad1 Nbd7 19. Nc3 Rac8 20. Nce2 c5 21. c3 c4 22. Ba2 Qd5 23. Qe3 Ng4 24. Qc1 Ndf6 25. Nf4 Qd6 26. h3 Nh6 27. Nxg6 hxg6 28. Rfe1 Nf5 29. Nxf5 gxf5 30. Bb1 Nd5 31. Qg5 b5 32. Qg3 Rfd8 33. Qf3 g6 34. g4 fxg4 35. Qxg4 Kg7 36. Re5 Rh8 37. Rde1 Rh6 38. Kg2 Rch8 39. Rh1 Rh4 40. Qg3 Nf4+ 41. Kf1 Rxh3 42. Rxh3 Nxh3 43. Be4 a6 44. d5 Rh6 45. Bg2 Kf6 46. Rxe6+ Qxe6 47. dxe6 Ng5 48. e7 Rh8 49. Qd6+ Kg7 50. Qd8 1-0

[Event "GER-chT Youth Countries 2020"]
[Site "Berlin"]
[Date "2020.10.04"]
[Round "7"]
[White "Mundt, Alexandra"]
[Black "Poetsch, Leonore"]
[Result "1/2-1/2"]
[ECO "C12"]
[WhiteElo "1786"]
[BlackElo "1984"]
[Annotator "ChessBase"]
[PlyCount "82"]
[EventDate "2020.09.30"]
[EventType "team-tourn"]
[EventRounds "7"]
[EventCountry "GER"]
[SourceTitle "playchess.com"]
[Source "ChessBase"]
[SourceQuality "1"]
[TimeControl "30/5400+30:0"]

1. e4 e6 2. d4 d5 3. Nc3 Nf6 4. Bg5 Bb4 5. a3 Bxc3+ 6. bxc3 dxe4 7. Ne2 b6 8. Ng3 Bb7 9. Bb5+ c6 10. Be2 Nbd7 11. Nxe4 Qc7 12. Nxf6+ gxf6 13. Bh4 O-O-O 14. Bg3 e5 15. O-O c5 16. Bf3 cxd4 17. cxd4 Qc3 18. Bxb7+ Kxb7 19. dxe5 fxe5 20. Qd5+ Qc6 21. Rfd1 Qxd5 22. Rxd5 f6 23. Rad1 Kc8 24. Bh4 Rhf8 25. Kf1 Rf7 26. Rd6 Re8 27. Rc6+ Kb7 28. Rcd6 Kc7 29. f3 f5 30. a4 e4 31. a5 Ne5 32. axb6+ axb6 33. Bd8+ Kc8 34. Bxb6 exf3 35. gxf3 Nxf3 36. Ra1 Kb8 37. h3 Rc8 38. Ra2 Ne5 39. Bf2 Nc4 40. Rd3 Rff8 41. Ra4 Ne5 1/2-1/2

[Event "GER-chT Youth Countries 2020"]
[Site "Berlin"]
[Date "2020.10.04"]
[Round "7"]
[White "Yue, Qizhou"]
[Black "Schulz, Hannah"]
[Result "1-0"]
[ECO "B10"]
[WhiteElo "1775"]
[BlackElo "1589"]
[Annotator "NA"]
[PlyCount "89"]
[EventDate "2020.09.30"]
[EventType "team-tourn"]
[EventRounds "7"]
[EventCountry "GER"]
[SourceTitle "playchess.com"]
[Source "ChessBase"]
[SourceQuality "1"]
[TimeControl "30/5400+30:0"]

1. e4 c6 2. Nc3 d5 3. Nf3 dxe4 4. Nxe4 Nf6 5. Qe2 e6 6. Nxf6+ Qxf6 7. d4 Qd8 8. c3 Nd7 9. Bf4 Nf6 10. Qc2 Bd6 11. Bxd6 Qxd6 12. Bd3 Bd7 13. O-O O-O 14. Rad1 Rad8 15. Rfe1 c5 16. dxc5 Qxc5 17. Ne5 Bc6 18. b4 Qb6 19. a4 h6 20. a5 Qc7 21. c4 Nd7 22. Nxd7 Bxd7 23. Qe2 a6 24. Qe4 g6 25. Qh4 Kh7 26. Re3 e5 27. g4 Kg7 28. Rde1 Be6 29. Qg3 Rd4 30. h3 Rfd8 31. Bf1 R8d7 32. Qxe5+ Qxe5 33. Rxe5 Bxc4 34. Bxc4 Rxc4 35. R5e4 Rdd4 36. Rxd4 Rxd4 37. Rb1 Rd5 38. Kg2 Kf6 39. Kf3 Ke5 40. Ke3 f5 41. f4+ Kd6 42. Rc1 fxg4 43. hxg4 h5 44. gxh5 Rxh5 45. Rg1 1-0

[Event "GER-chT Youth Countries 2020"]
[Site "Berlin"]
[Date "2020.10.04"]
[Round "7"]
[White "Basovskiy, Jana"]
[Black "Reitz, Theresa"]
[Result "1-0"]
[ECO "B01"]
[WhiteElo "1760"]
[BlackElo "1886"]
[Annotator "NA"]
[PlyCount "68"]
[EventDate "2020.09.30"]
[EventType "team-tourn"]
[EventRounds "7"]
[EventCountry "GER"]
[SourceTitle "playchess.com"]
[Source "ChessBase"]
[SourceQuality "1"]
[TimeControl "30/5400+30:0"]

1. e4 d5 2. exd5 Qxd5 3. Nc3 Qd6 4. d4 Nf6 5. Nf3 a6 6. g3 Bg4 7. h3 Bh5 8. Bg2 Nc6 9. O-O O-O-O 10. Bf4 Qb4 11. g4 Bg6 12. a3 Qxb2 13. Qe1 e6 14. Rb1 Qxa3 15. Ne5 Nd5 16. Nxd5 exd5 17. Nxc6 bxc6 18. Rb3 Qa4 19. Qb1 Kd7 20. Qb2 Bd6 21. Bxd6 Kxd6 22. Rc1 Qc4 23. Bf1 Qa4 24. Ra1 Qxa1 25. Qxa1 Rb8 26. Qa3+ Kd7 27. Re3 Rhe8 28. Rxe8 Rxe8 29. Qc3 Ra8 30. Qc5 Be4 31. Bg2 Bxg2 32. Kxg2 a5 33. c4 dxc4 34. Qxc4 Kd6 1-0

[Event "GER-chT Youth Countries 2020"]
[Site "Berlin"]
[Date "2020.10.04"]
[Round "7"]
[White "Braeutigam, Katerina"]
[Black "Werner, Florin"]
[Result "1-0"]
[ECO "C14"]
[WhiteElo "1744"]
[BlackElo "1481"]
[Annotator "NA"]
[PlyCount "49"]
[EventDate "2020.09.30"]
[EventType "team-tourn"]
[EventRounds "7"]
[EventCountry "GER"]
[SourceTitle "playchess.com"]
[Source "ChessBase"]
[SourceQuality "1"]
[TimeControl "30/5400+30:0"]

1. e4 e6 2. d4 d5 3. Nc3 Nf6 4. Bg5 Be7 5. e5 Nfd7 6. Bxe7 Qxe7 7. f4 c5 8. Nf3 Nc6 9. Nb5 O-O 10. Qd2 a6 11. Nd6 cxd4 12. O-O-O f6 13. Re1 fxe5 14. fxe5 Rxf3 15. gxf3 Ndxe5 16. Nxc8 Rxc8 17. Bh3 Rf8 18. Rhf1 Qc5 19. Bxe6+ Kh8 20. Re2 d3 21. Rg2 Nb4 22. c3 d4 23. Kb1 Rxf3 24. Rxf3 Nxf3 25. Qf4 1-0

[Event "GER-chT Youth Countries 2020"]
[Site "Berlin"]
[Date "2020.10.04"]
[Round "7"]
[White "Nitsche, Nikolai"]
[Black "Aumueller, Naum"]
[Result "1-0"]
[ECO "A00"]
[WhiteElo "1721"]
[BlackElo "1690"]
[Annotator "NA"]
[PlyCount "101"]
[EventDate "2020.09.30"]
[EventType "team-tourn"]
[EventRounds "7"]
[EventCountry "GER"]
[SourceTitle "playchess.com"]
[Source "ChessBase"]
[SourceQuality "1"]
[TimeControl "30/5400+30:0"]

1. g3 e5 2. Bg2 Nf6 3. d3 d5 4. Nf3 Bd6 5. O-O c6 6. b3 O-O 7. Bb2 Nbd7 8. c4 Re8 9. Nc3 d4 10. Nb1 c5 11. Nbd2 Nf8 12. e4 Ng4 13. h3 Nh6 14. Ne1 Ng6 15. Bc1 f5 16. exf5 Nxf5 17. Bd5+ Kh8 18. Qh5 Rf8 19. Ne4 Be7 20. Nf3 Rb8 21. Neg5 Nh6 22. Ne6 Bxe6 23. Bxe6 Qd6 24. Bd5 Rf5 25. Bg5 b6 26. Be4 Rff8 27. Bxg6 hxg6 28. Bxe7 Qxe7 29. Qxe5 Qd7 30. Nh4 Kh7 31. Qg5 Rf6 32. Kg2 Rbf8 33. Rae1 Qb7+ 34. f3 Nf7 35. Qg4 Nh6 36. Qe4 Qf7 37. f4 Nf5 38. Nxf5 gxf5 39. Qe7 Qg6 40. Re5 R8f7 41. Qe8 Qh5 42. Re6 Rxe6 43. Qxe6 Rf6 44. Qe5 Rh6 45. Rh1 Qf7 46. Re1 Qh5 47. h4 Qg4 48. Qe2 Qg6 49. Qe7 a5 50. Qg5 Qc6+ 51. Kf2 1-0

[Event "GER-chT Youth Countries 2020"]
[Site "Berlin"]
[Date "2020.10.04"]
[Round "7"]
[White "Hoppstaedter, Daniel"]
[Black "Tovmasyan, Minas"]
[Result "0-1"]
[ECO "D37"]
[WhiteElo "1712"]
[BlackElo "1658"]
[Annotator "NA"]
[PlyCount "73"]
[EventDate "2020.09.30"]
[EventType "team-tourn"]
[EventRounds "7"]
[EventCountry "GER"]
[SourceTitle "playchess.com"]
[Source "ChessBase"]
[SourceQuality "1"]
[TimeControl "30/5400+30:0"]

1. d4 Nf6 2. Nf3 d5 3. c4 e6 4. Nc3 Be7 5. cxd5 exd5 6. Bg5 c6 7. Qc2 O-O 8. e3 Nbd7 9. Bd3 h6 10. Bxf6 Nxf6 11. Ne5 Ng4 12. Nxg4 Bxg4 13. f3 Be6 14. O-O c5 15. Rfe1 cxd4 16. exd4 Bf6 17. Rad1 Bxd4+ 18. Kh1 Qf6 19. Ne2 Bb6 20. f4 Rac8 21. Qb1 d4 22. Be4 Rc7 23. f5 Bc4 24. Nf4 Rd8 25. b3 Ba6 26. Nd5 Rxd5 27. Bxd5 Rd7 28. Re8+ Kh7 29. Qe4 d3 30. Rf8 Bc5 31. Rc8 b6 32. Qe8 Bxc8 33. Be4 Re7 34. Qa4 Bxf5 35. Bxf5+ Qxf5 36. Qb5 d2 37. Re1 0-1

[Event "GER-chT Youth Countries 2020"]
[Site "Berlin"]
[Date "2020.10.04"]
[Round "7"]
[White "Bildat, Emilia"]
[Black "Hagenbeck-Huebert, Ben"]
[Result "1/2-1/2"]
[ECO "A20"]
[WhiteElo "1704"]
[BlackElo "1749"]
[Annotator "NA"]
[PlyCount "52"]
[EventDate "2020.09.30"]
[EventType "team-tourn"]
[EventRounds "7"]
[EventCountry "GER"]
[SourceTitle "playchess.com"]
[Source "ChessBase"]
[SourceQuality "1"]
[TimeControl "30/5400+30:0"]

1. c4 e5 2. g3 Nc6 3. Bg2 f5 4. d3 Nf6 5. Nc3 Bb4 6. Bd2 Bxc3 7. Bxc3 d6 8. e3 O-O 9. Ne2 Qe8 10. O-O Qh5 11. Qd2 Ng4 12. h3 Nf6 13. b4 f4 14. exf4 Bxh3 15. f3 Bxg2 16. Kxg2 exf4 17. Nxf4 Qg5 18. Ne6 Qxd2+ 19. Bxd2 Rf7 20. f4 Re7 21. Rae1 Rae8 22. Ng5 h6 23. Rxe7 Rxe7 24. Nf3 Ng4 25. Re1 Rxe1 26. Nxe1 Nf6 1/2-1/2

[Event "GER-chT Youth Countries 2020"]
[Site "Berlin"]
[Date "2020.10.04"]
[Round "7"]
[White "Werner, Rosalie"]
[Black "Sommer, Justus"]
[Result "0-1"]
[ECO "C55"]
[WhiteElo "1688"]
[BlackElo "1845"]
[Annotator "NA"]
[PlyCount "80"]
[EventDate "2020.09.30"]
[EventType "team-tourn"]
[EventRounds "7"]
[EventCountry "GER"]
[SourceTitle "playchess.com"]
[Source "ChessBase"]
[SourceQuality "1"]
[TimeControl "30/5400+30:0"]

1. e4 e5 2. Nf3 Nc6 3. Bc4 Nf6 4. d4 exd4 5. e5 d5 6. Bb5 Ne4 7. Nxd4 Bc5 8. Bxc6+ bxc6 9. O-O O-O 10. Be3 Bxd4 11. Bxd4 c5 12. Be3 d4 13. Bc1 Qe7 14. f3 Ng5 15. f4 Ne4 16. Nd2 Nxd2 17. Qxd2 f6 18. exf6 Qxf6 19. b3 Ba6 20. Rf2 c4 21. Ba3 c3 22. Qd1 Rfd8 23. Qf3 Rac8 24. Rd1 c5 25. Qe4 Kh8 26. g3 Bb5 27. Bc1 a5 28. Qf3 Re8 29. Qb7 Ba6 30. Qf3 Re7 31. Qd5 Qb6 32. h4 Rce8 33. Kh2 Bb7 34. Qc4 Qc6 35. Qf1 Ba6 36. Qg2 Qxg2+ 37. Kxg2 Bb7+ 38. Kh3 Re2 39. Rdf1 Ba6 40. Ba3 Rxc2 0-1

[Event "GER-chT Youth Countries 2020"]
[Site "Berlin"]
[Date "2020.10.04"]
[Round "7"]
[White "Trunz, Michelle"]
[Black "Schwenke, Mia"]
[Result "1-0"]
[ECO "D60"]
[WhiteElo "1662"]
[BlackElo "1265"]
[Annotator "NA"]
[PlyCount "151"]
[EventDate "2020.09.30"]
[EventType "team-tourn"]
[EventRounds "7"]
[EventCountry "GER"]
[SourceTitle "playchess.com"]
[Source "ChessBase"]
[SourceQuality "1"]
[TimeControl "30/5400+30:0"]

1. d4 d5 2. c4 e6 3. Nc3 Nf6 4. Bg5 Be7 5. e3 O-O 6. Nf3 Nbd7 7. Bd3 dxc4 8. Bxc4 c6 9. O-O b5 10. Bd3 a6 11. a3 c5 12. Ne4 c4 13. Bc2 Bb7 14. Ng3 h6 15. Bxf6 Nxf6 16. Qe2 Qb6 17. Ne5 Rfd8 18. Nh5 g6 19. Bxg6 fxg6 20. Nxg6 Kf7 21. Ne5+ Kf8 22. Nxf6 Bxf6 23. f4 Ke7 24. Qh5 Rf8 25. Ng6+ Kd7 26. Nxf8+ Rxf8 27. Qxh6 Be7 28. Rf2 Qc6 29. Qh5 Rg8 30. d5 exd5 31. Rd1 Qe6 32. Re2 Kc6 33. Qf3 Kb6 34. f5 Qe5 35. Qf4 Qf6 36. Qd4+ Qxd4 37. exd4 Bd6 38. f6 Rf8 39. Rf1 Bc8 40. f7 Kc6 41. h3 Bd7 42. g4 Kc7 43. Kg2 a5 44. Ref2 Be7 45. Kg3 a4 46. h4 Bd6+ 47. Kh3 Be7 48. h5 Bg5 49. Re2 Kd6 50. Re5 Be7 51. h6 Bc8 52. h7 Rh8 53. Rh5 Bf8 54. Rf6+ Ke7 55. Rf3 Be6 56. Kg3 Bxf7 57. Re5+ Be6 58. Rfe3 Kd7 59. Rxe6 Bd6+ 60. Kh4 Rxh7+ 61. Kg5 Rg7+ 62. Kf5 Rf7+ 63. Rf6 Rxf6+ 64. Kxf6 Kc6 65. Re6 Kd7 66. g5 b4 67. g6 Bf8 68. Re3 bxa3 69. bxa3 Kc6 70. Kf7 Bh6 71. Rh3 Kb5 72. Rxh6 c3 73. Rh1 Kc4 74. g7 Kb3 75. g8=Q c2 76. Qc8 1-0

[Event "GER-chT Youth Countries 2020"]
[Site "Berlin"]
[Date "2020.10.04"]
[Round "7"]
[White "Jacoby, Angelina"]
[Black "Nguyen, Ha Thanh"]
[Result "0-1"]
[ECO "A15"]
[WhiteElo "1630"]
[BlackElo "2019"]
[Annotator "ChessBase"]
[PlyCount "112"]
[EventDate "2020.09.30"]
[EventType "team-tourn"]
[EventRounds "7"]
[EventCountry "GER"]
[SourceTitle "playchess.com"]
[Source "ChessBase"]
[SourceQuality "1"]
[TimeControl "30/5400+30:0"]

1. c4 Nf6 2. g3 g6 3. Bg2 Bg7 4. Nc3 c6 5. e3 O-O 6. Nge2 Na6 7. O-O Nc7 8. d4 d5 9. cxd5 cxd5 10. b3 b5 11. Bb2 Bb7 12. Nf4 Rb8 13. Nd3 Nd7 14. Ne2 Re8 15. Rc1 e6 16. Nb4 Nb6 17. Nf4 a5 18. Nc6 Bxc6 19. Rxc6 Qd7 20. Rc2 Na6 21. Ba3 Rec8 22. Nd3 b4 23. Bb2 Rxc2 24. Qxc2 Rc8 25. Qd2 Bf8 26. Rc1 Rxc1+ 27. Qxc1 Qc8 28. Ne5 Bd6 29. Qxc8+ Nxc8 30. Nc6 Bc7 31. f3 Kf8 32. e4 Ne7 33. Na7 Bb6 34. Nb5 dxe4 35. fxe4 e5 36. Kf1 exd4 37. Nxd4 Nc5 38. Ke2 Ke8 39. e5 Ne6 40. Nxe6 fxe6 41. Kd3 Nf5 42. Bh3 Kd7 43. Bxf5 gxf5 44. Bc1 Kc6 45. Kc4 Bg1 46. h3 h5 47. h4 Bf2 48. Bf4 Be1 49. Kd4 Kb5 50. Ke3 Bc3 51. Kd3 Ba1 52. Ke2 Kc6 53. Kd3 Kd5 54. Bg5 Bxe5 55. Bd8 Bxg3 56. Bxa5 Bd6 0-1

[Event "GER-chT Youth Countries 2020"]
[Site "Berlin"]
[Date "2020.10.04"]
[Round "7"]
[White "Voigt, Anastasia"]
[Black "Besou, Hussain"]
[Result "1/2-1/2"]
[ECO "C55"]
[WhiteElo "1562"]
[BlackElo "1825"]
[Annotator "NA"]
[PlyCount "68"]
[EventDate "2020.09.30"]
[EventType "team-tourn"]
[EventRounds "7"]
[EventCountry "GER"]
[SourceTitle "playchess.com"]
[Source "ChessBase"]
[SourceQuality "1"]
[TimeControl "30/5400+30:0"]

1. e4 e5 2. Nf3 Nc6 3. Bc4 Nf6 4. d3 h6 5. c3 d6 6. Nbd2 g6 7. Nf1 Bg7 8. Ng3 O-O 9. O-O Na5 10. Bb5 a6 11. Ba4 b5 12. Bc2 c5 13. b4 cxb4 14. cxb4 Nc6 15. a3 Bg4 16. Bb2 Rc8 17. Bb3 Nd4 18. Bxd4 exd4 19. h3 Bxf3 20. Qxf3 Rc3 21. Qd1 Nd7 22. Ne2 Rc8 23. Rc1 Nb6 24. Nf4 Kh7 25. Nd5 Nxd5 26. Bxd5 Rc3 27. Rxc3 dxc3 28. Qe2 Qb6 29. Rc1 f5 30. Kf1 fxe4 31. dxe4 a5 32. f3 Rc8 33. Bb3 axb4 34. axb4 Qd4 1/2-1/2

[Event "GER-chT Youth Countries 2020"]
[Site "Berlin"]
[Date "2020.10.04"]
[Round "7"]
[White "Kadach, Maria"]
[Black "Moenster, Madita"]
[Result "0-1"]
[ECO "A45"]
[WhiteElo "1539"]
[BlackElo "1918"]
[Annotator "ChessBase"]
[PlyCount "124"]
[EventDate "2020.09.30"]
[EventType "team-tourn"]
[EventRounds "7"]
[EventCountry "GER"]
[SourceTitle "playchess.com"]
[Source "ChessBase"]
[SourceQuality "1"]
[TimeControl "30/5400+30:0"]

1. d4 Nf6 2. Bf4 d5 3. e3 c5 4. c3 Nc6 5. Nd2 Bf5 6. Ngf3 e6 7. Be2 Be7 8. h3 h6 9. Ne5 O-O 10. Ndf3 Nxe5 11. Nxe5 c4 12. g4 Bh7 13. g5 hxg5 14. Bxg5 Ne4 15. Bxe7 Qxe7 16. h4 b5 17. f3 Ng3 18. Rh2 Nxe2 19. Kxe2 f6 20. Ng4 Bd3+ 21. Kd2 b4 22. Nf2 bxc3+ 23. bxc3 Bf5 24. e4 Bh7 25. h5 Qd6 26. Rg2 Qf4+ 27. Ke2 dxe4 28. fxe4 Bxe4 29. Nxe4 Qxe4+ 30. Kf1 Rab8 31. Qg4 Qxg4 32. Rxg4 Kf7 33. Rg2 Rb5 34. h6 gxh6 35. Rh2 h5 36. Re1 Rfb8 37. Ree2 Rb1+ 38. Kg2 R8b2 39. Kf3 Rxe2 40. Rxe2 Rc1 41. Re3 Rc2 42. Re2 Rxe2 43. Kxe2 Kg6 44. Kf2 Kg5 45. Kg3 h4+ 46. Kf3 f5 47. a3 f4 48. Kg2 Kg4 49. Kf2 h3 50. a4 a5 51. Kf1 Kf3 52. Kg1 Ke2 53. d5 exd5 54. Kh2 f3 55. Kxh3 f2 56. Kg4 f1=Q 57. Kg5 Qf7 58. Kg4 Qf6 59. Kg3 Qf5 60. Kg2 Qg4+ 61. Kh1 Kf2 62. Kh2 Qg2# 0-1

[Event "GER-chT Youth Countries 2020"]
[Site "Berlin"]
[Date "2020.10.04"]
[Round "7"]
[White "Eichhorn, Mathilda"]
[Black "Heuberger, Sandra"]
[Result "1-0"]
[ECO "C55"]
[WhiteElo "1532"]
[BlackElo "1004"]
[Annotator "NA"]
[PlyCount "119"]
[EventDate "2020.09.30"]
[EventType "team-tourn"]
[EventRounds "7"]
[EventCountry "GER"]
[SourceTitle "playchess.com"]
[Source "ChessBase"]
[SourceQuality "1"]
[TimeControl "30/5400+30:0"]

1. e4 e5 2. Nf3 Nc6 3. Bc4 Nf6 4. d3 Be7 5. O-O O-O 6. c3 d5 7. exd5 Nxd5 8. Re1 Bg4 9. h3 Bh5 10. Nbd2 Re8 11. Nf1 Bf6 12. Ng3 Bg6 13. d4 e4 14. Bxd5 Qxd5 15. Nd2 Re7 16. Qb3 Qxb3 17. Nxb3 Rae8 18. Be3 b6 19. Re2 Nd8 20. Rae1 Nb7 21. Bf4 Nd6 22. Nd2 h6 23. Bxd6 cxd6 24. Ndxe4 Bxe4 25. Rxe4 d5 26. Rxe7 Rxe7 27. Rxe7 Bxe7 28. Nf5 Bg5 29. b3 g6 30. Ne3 Bxe3 31. fxe3 f5 32. Kf2 Kf7 33. Kf3 g5 34. g4 Kf6 35. gxf5 Kxf5 36. c4 Ke6 37. e4 dxe4+ 38. Kxe4 Ke7 39. b4 a6 40. a4 Ke6 41. a5 bxa5 42. bxa5 Ke7 43. Ke5 Kd7 44. d5 h5 45. Kf5 Kd6 46. Kxg5 Kc5 47. Kxh5 Kd6 48. Kg6 Ke7 49. h4 Kf8 50. h5 Ke7 51. Kg7 Kd6 52. h6 Kc5 53. h7 Kxc4 54. d6 Kb4 55. h8=Q Ka4 56. Qb8 Ka3 57. d7 Ka4 58. d8=Q Ka3 59. Qdb6 Ka4 60. Qb4# 1-0

[Event "GER-chT Youth Countries 2020"]
[Site "Berlin"]
[Date "2020.10.04"]
[Round "7"]
[White "Uhlmann, Tim"]
[Black "Schreidl, Michael"]
[Result "1-0"]
[ECO "C55"]
[WhiteElo "1523"]
[BlackElo "1640"]
[Annotator "NA"]
[PlyCount "53"]
[EventDate "2020.09.30"]
[EventType "team-tourn"]
[EventRounds "7"]
[EventCountry "GER"]
[SourceTitle "playchess.com"]
[Source "ChessBase"]
[SourceQuality "1"]
[TimeControl "30/5400+30:0"]

1. e4 e5 2. Nf3 Nc6 3. d4 exd4 4. Bc4 Nf6 5. e5 d5 6. Bb5 Ne4 7. Nxd4 Bd7 8. Bxc6 bxc6 9. O-O Bc5 10. f3 Ng5 11. f4 Ne4 12. Be3 Bb6 13. Nd2 Nxd2 14. Qxd2 c5 15. Nf3 d4 16. Bf2 Bc6 17. Rae1 Qd5 18. Bh4 O-O 19. f5 Bb5 20. f6 h6 21. fxg7 Kxg7 22. Bf6+ Kh7 23. Ng5+ Kg8 24. Rf3 Rfc8 25. Nh7 Kxh7 26. Rh3 Kg6 27. Qf4 1-0

[Event "GER-chT Youth Countries 2020"]
[Site "Berlin"]
[Date "2020.10.04"]
[Round "7"]
[White "Fischer, Juliane"]
[Black "Margaryan, Susanna"]
[Result "0-1"]
[ECO "B40"]
[WhiteElo "1509"]
[BlackElo "1450"]
[Annotator "NA"]
[PlyCount "66"]
[EventDate "2020.09.30"]
[EventType "team-tourn"]
[EventRounds "7"]
[EventCountry "GER"]
[SourceTitle "playchess.com"]
[Source "ChessBase"]
[SourceQuality "1"]
[TimeControl "30/5400+30:0"]

1. e4 c5 2. Nf3 e6 3. c3 d5 4. e5 Nc6 5. d4 c4 6. Be2 Nge7 7. Bg5 h6 8. Bd2 Ng6 9. O-O Be7 10. Qc2 O-O 11. Re1 b5 12. h3 a5 13. Nh2 Re8 14. Bh5 Nf8 15. Ng4 g6 16. Nxh6+ Kg7 17. Qd1 Bg5 18. Nxf7 Kxf7 19. Bg4 b4 20. Bxg5 Qxg5 21. Re3 Kg7 22. Rg3 Qh6 23. Bh5 Kh8 24. Qg4 Qxh5 25. Qxh5+ gxh5 26. Rg5 Nh7 27. Rxh5 Rg8 28. Nd2 Rg5 29. Rh4 Bd7 30. Re1 a4 31. Re3 a3 32. bxa3 Rxa3 33. Nf3 Rg7 0-1

[Event "GER-chT Youth Countries 2020"]
[Site "Berlin"]
[Date "2020.10.04"]
[Round "7"]
[White "Herrmann, Jakob"]
[Black "Mueller, Maximilian"]
[Result "1/2-1/2"]
[ECO "C02"]
[WhiteElo "1504"]
[BlackElo "2303"]
[Annotator "ChessBase"]
[PlyCount "58"]
[EventDate "2020.09.30"]
[EventType "team-tourn"]
[EventRounds "7"]
[EventCountry "GER"]
[SourceTitle "playchess.com"]
[Source "ChessBase"]
[SourceQuality "1"]
[TimeControl "30/5400+30:0"]

1. e4 e6 2. d4 d5 3. e5 c5 4. c3 Nc6 5. Nf3 Qb6 6. Be2 Nh6 7. Bxh6 gxh6 8. Qd2 Bd7 9. O-O Rc8 10. Rd1 cxd4 11. cxd4 Ne7 12. Bd3 Bb5 13. Bxb5+ Qxb5 14. Nc3 Qd7 15. Ne2 Nf5 16. Nf4 Ng7 17. Rac1 Rxc1 18. Rxc1 Be7 19. Nd3 Nf5 20. Nc5 Bxc5 21. Rxc5 b6 22. Rc3 Rg8 23. Qc2 Kd8 24. h3 h5 25. Qd2 h6 26. Ne1 Qa4 27. b4 Qd7 28. Nc2 Rg6 29. Ne3 Ne7 1/2-1/2

[Event "GER-chT Youth Countries 2020"]
[Site "Berlin"]
[Date "2020.10.04"]
[Round "7"]
[White "Ottlik, Marie"]
[Black "Marrufo, Emilia"]
[Result "1-0"]
[ECO "B01"]
[WhiteElo "1454"]
[BlackElo "796"]
[Annotator "NA"]
[PlyCount "81"]
[EventDate "2020.09.30"]
[EventType "team-tourn"]
[EventRounds "7"]
[EventCountry "GER"]
[SourceTitle "playchess.com"]
[Source "ChessBase"]
[SourceQuality "1"]
[TimeControl "30/5400+30:0"]

1. e4 d5 2. exd5 Qxd5 3. Nc3 Qd8 4. d4 Nf6 5. Bc4 Bg4 6. f3 Bf5 7. Nge2 e6 8. O-O Bd6 9. Bf4 O-O 10. Qd2 Nbd7 11. Bg5 Be7 12. Ng3 Nb6 13. Bb3 Nfd5 14. Bxe7 Qxe7 15. Nxf5 exf5 16. Nxd5 Nxd5 17. Bxd5 c6 18. Bb3 Rad8 19. c3 Rd6 20. Bc2 g6 21. Rfe1 Qh4 22. Qf2 Qf4 23. Rad1 g5 24. Qg3 Rd5 25. Qxf4 gxf4 26. Re7 Ra5 27. Bb3 Rb5 28. Rde1 a5 29. R1e5 Rb6 30. Rxa5 h5 31. Rxf5 Ra6 32. Rexf7 Raa8 33. Rxf8+ Kg7 34. Rxa8 b5 35. Rc8 b4 36. Rxc6 bxc3 37. Rb5 Kf8 38. Rb8+ Ke7 39. Rb7+ Kd8 40. Rh6 cxb2 41. Rh8# 1-0